 Dungeon Crawl Stone Soup version 0.26-a0-36-g11e0b32562 (webtiles) character file.

Game seed: 8575577465777982009, levelgen mode: deterministic

1989 Fv001 the Shield-Bearer (level 9, -2/75 HPs)
             Began as a Yellow Draconian Fighter on May 30, 2020.
             Killed from afar by a steam dragon (12 damage)
             ... with a ball of steam
             ... on level 6 of the Dungeon.
             The game lasted 00:23:43 (7352 turns).

Fv001 the Shield-Bearer (Yellow Draconian Fighter)  Turns: 7352, Time: 00:23:44

Health: -2/75      AC: 10    Str: 19    XL:     9   Next: 1%
Magic:  0/9        EV: 13    Int: 10    God:
Gold:   306        SH: 11    Dex: 12    Spells: 8/8 levels left

rFire    . . .     SeeInvis .   a - +1 flail
rCold    . . .     Gourm    .   v - +1 kite shield
rNeg     . . .     Faith    .   (armour unavailable)
rPois    .         Spirit   +   (helmet restricted)
rElec    .         Reflect  .   (no cloak)
rCorr    +         Harm     .   (no gloves)
MR       .....                  t - +2 pair of boots
Stlth    +.........             x - amulet of guardian spirit
HPRegen  0.22/turn              (no ring)
MPRegen  0.11/turn              (no ring)

@: no status effects
A: spit acid, unfitting armour, cold-blooded, acid resistance, AC +7
a: Breathe Acid


You were on level 6 of the Dungeon.
You were hungry.

You visited 2 branches of the dungeon, and saw 8 of its levels.
You also visited: Sewer.

You collected 306 gold pieces.

Inventory:

Hand Weapons
 a - a +1 flail (weapon)
 b - a +0 hunting sling
Missiles
 n - 10 sling bullets
Armour
 t - a +2 pair of boots (worn)
 v - a +1 kite shield (worn)
Jewellery
 x - an amulet of guardian spirit (around neck)
Scrolls
 k - 3 scrolls of fog
 l - 2 scrolls of teleportation
 p - 7 scrolls of remove curse
 q - 3 scrolls of enchant weapon
 s - 2 scrolls of magic mapping
 u - a scroll of amnesia {unknown}
 y - a scroll of blinking
Potions
 c - a potion of haste
 e - 2 potions of flight {unknown}
 f - a potion of mutation {unknown}
 g - 4 potions of stabbing {unknown}
 h - a potion of ambrosia {unknown}
 i - a potion of invisibility {unknown}
 j - 2 potions of degeneration {unknown}
 m - 7 potions of curing
 o - 4 potions of brilliance
 r - a potion of might
 z - 5 potions of heal wounds {unknown}
Comestibles
 d - 6 rations


   Skills:
 + Level 6.1 Fighting
 * Level 6.7 Maces & Flails
 + Level 2.3 Slings
 + Level 5.0 Dodging
 * Level 7.2 Shields
 - Level 0.4 Spellcasting


You had 8 spell levels left.
You didn't know any spells.
Your spell library contained the following spells:

 Spells                   Type           Power        Failure   Level  Hunger
 Animate Skeleton         Necr           N/A          69%         1    ##.....
 Apportation              Tloc           #.....       69%         1    ##.....
 Corona                   Hex            #......      69%         1    ##.....
 Summon Small Mammal      Summ           #...         69%         1    ##.....
 Ensorcelled Hibernation  Hex/Ice        #.....       83%         2    ###....
 Confusing Touch          Hex            #.......     96%         3    ####...
 Dazzling Flash           Conj/Hex       #.....       96%         3    ####...
 Tukima's Dance           Hex            #.......     96%         3    ####...


Dungeon Overview and Level Annotations

Branches:
Dungeon (7/15)             Temple (1/1) D:4           Sewer (visited)

Altars:
Ashenzari
Cheibriados
Dithmenos
Elyvilon
Gozag
Hepliaklqana
Kikubaaqudgha
Makhleb
Nemelex Xobeh
Qazlal
Sif Muna
Trog
Uskayaw
Vehumet
Wu Jian
Xom
Yredelemnul
Zin


Innate Abilities, Weirdness & Mutations

You can spit globs of acid.
Your golden yellow scales are hard. (AC +7)
You cannot fit into any form of body armour.
You are cold-blooded and may be slowed by cold attacks.
You are resistant to acid. (rCorr)


Message History

The steam dragon breathes steam at you. The ball of steam hits you!
* * * LOW HITPOINT WARNING * * *
Unknown command.
Things that are here:
a +0 dagger of venom; a +0 robe; a +0 dagger
There is a stone staircase leading up, spattered with blood here.
The steam dragon breathes steam at you. The ball of steam hits you.
* * * LOW HITPOINT WARNING * * *
The steam dragon breathes steam at you. The ball of steam hits you!
* * * LOW HITPOINT WARNING * * *
You have got your breath back.
Things that are here:
a +0 dagger of venom; a +0 robe; a +0 dagger
There is a stone staircase leading up, spattered with blood here.
The steam dragon breathes steam at you. The ball of steam hits you!
You die...

*,,,#.......................,,,,,
*,,,#...............(.........,*,
*,..#.........................,**
*,.......................)....,,*
*,#[#.............§§..........,**
,,..............D§§......(.(,,,**
,,...§..........####§##...#,,,,**
**##########.#†Y####.##[..#...,**
* #.#..@§§D..[.......,**
*****#######[#.[####!##.#.##..,**
**,,,.......................,,,**
**,**#######.#..#.##.#####.#,*,*
**,***** #.#...<.......,,..*,*
**,,,,.#####.#....#..####*,,##,*
**,*,..................#,,,,,*,*
,,,,,..#####..######.###,**,,*,*
,,,,,,........'≈≈≈≈#....,***,*,*


You could see an ice beast.

Vanquished Creatures
  The ghost of Anathary the Covert, an amateur OpAs of Dithmenos (D:4)
  Eustachio (D:6)
  A sky beast (D:7)
  A black bear (D:7)
  An orc warrior (D:6)
  A phantom (D:7)
  A big kobold (Sewer)
  A water moccasin skeleton (D:4)
  8 wights
  2 crimson imps
  3 hounds
  A jelly (D:3)
  3 orc wizards
  2 bullfrog skeletons (D:5)
  2 orc priests
  A worker ant (D:4)
  A hound zombie (D:7)
  A hound skeleton (D:7)
  11 adders
  12 river rats
  12 oozes
  An adder skeleton (D:4)
  5 worms
  2 dart slugs (D:1)
  5 leopard geckos
  15 orcs
  4 ball pythons
  5 giant cockroaches
  7 goblins
  6 hobgoblins
  16 jackals
  33 kobolds
  2 quokkas (D:5)
  12 bats
  10 frilled lizards
  A jackal skeleton (D:4)
  2 leopard gecko skeletons
  A quokka zombie (D:4)
  23 rats
217 creatures vanquished.

Vanquished Creatures (others)
  A leopard gecko (D:6)
  A fungus (D:3)
  10 toadstools (D:3)
12 creatures vanquished.

Grand Total: 229 creatures vanquished

Notes
Turn   | Place    | Note
-------+----------+-------------------------------------------
     0 | D:1      | Fv001 the Draconian Fighter began the quest for the Orb.
     0 | D:1      | Reached XP level 1. HP: 19/19 MP: 1/1
   108 | D:1      | Reached XP level 2. HP: 22/26 MP: 2/2
   385 | D:1      | Reached XP level 3. HP: 33/33 MP: 3/3
  1401 | D:2      | Reached XP level 4. HP: 24/40 MP: 4/4
  2400 | D:3      | Found a shimmering altar of Xom.
  2794 | D:3      | Reached skill level 4 in Shields
  2992 | D:3      | Reached XP level 5. HP: 44/46 MP: 5/5
  3585 | D:4      | Found a runed translucent gate.
  3585 | D:4      | Found a runed translucent gate.
  3585 | D:4      | Found a runed translucent gate.
  3609 | D:4      | Noticed Anathary's ghost (amateur OpAs)
  3883 | D:4      | Found a staircase to the Ecumenical Temple.
  3889 | Temple   | Entered the Ecumenical Temple
  4175 | D:4      | Found a shimmering blue altar of Sif Muna.
  4217 | D:4      | Reached XP level 6. HP: 52/53 MP: 6/6
  4451 | D:4      | Killed Anathary's ghost
  4460 | D:4      | Reached skill level 5 in Shields
  4473 | D:5      | Entered Level 5 of the Dungeon
  4556 | D:5      | Your scales start taking on a golden yellow colour.
  4556 | D:5      | Reached XP level 7. HP: 60/60 MP: 7/7
  4556 | D:5      | Gained mutation: You are resistant to acid. (rCorr) [Yellow
                  | Draconian growth]
  4589 | D:5      | Reached skill level 5 in Fighting
  4697 | D:5      | Reached skill level 5 in Maces & Flails
  4995 | D:5      | Found a white marble altar of Elyvilon.
  5283 | D:5      | You fall into a shaft and drop 2 floors!
  5317 | D:7      | Reached skill level 6 in Shields
  5509 | D:7      | Reached XP level 8. HP: 69/69 MP: 8/8
  5547 | D:7      | Reached skill level 1 in Slings
  5910 | D:6      | Noticed Eustachio
  5953 | D:6      | Killed Eustachio
  5966 | D:6      | Found a glowing drain.
  6002 | Sewer    | Entered a sewer
  6294 | Sewer    | Reached skill level 7 in Shields
  7003 | D:6      | Reached skill level 5 in Dodging
  7003 | D:6      | Reached XP level 9. HP: 72/75 MP: 7/9
  7352 | D:6      | Killed from afar by a steam dragon

Illustrated notes

Levels and vault maps discovered:
D:1:      eino_arrival_druids_welcome, layout_loops_corners, solitary_fountain
D:2:      layout_basic
D:3:      cheibrodos_fertilizer, layout_loops_corners, xom_teletrap_fun
D:4:      layout_cave_pods, lemuel_blue_sif_altar, minmay_temple_entry_fiery,
          first_ration, gammafunk_ghost_necromancy
D:5:      layout_basic, old_standard_altar
D:6:      cheibrodos_steamvent, layout_basic, portal_sewer_entry_c,
          uniq_eustachio
D:7:      layout_loops_ring, fountainhead
Temple:   regret_index_temple_generic_petals

Skill      XL: |  1  2  3  4  5  6  7  8 |
---------------+-------------------------+-----
Dodging        | 3 4 5 |  5.0
Fighting       | 4 5 6 |  6.1
Maces & Flails | 3 4 5 6 |  6.7
Shields        | 4 5 6 7 |  7.2
Slings         | 2 |  2.3
Spellcasting   | |  0.4

Action                   |  1- 3 |  4- 6 |  7- 9 || total
-------------------------+-------+-------+-------++-------
Melee: Flail             |   102 |   216 |   393 ||   711
       Tailslap          |    10 |    17 |    36 ||    63
 Fire: Hunting sling     |       |       |    36 ||    36
 Abil: Breathe Acid      |       |       |    15 ||    15
  Use: Scroll            |     6 |     4 |     2 ||    12
       Potion            |       |     1 |       ||     1
 Stab: Sleeping          |       |     2 |       ||     2
  Eat: Chunk             |     2 |    10 |    12 ||    24
Armor: Skin              |    21 |    63 |   110 ||   194
Dodge: Dodged            |    39 |    68 |   150 ||   257
Block: Kite shield       |    52 |   126 |   250 ||   428

Table legend:
 A = Non-vault XP
 B = Vault XP
 C = Vault XP percentage of total XP
 D = Non-vault monster count
 E = Vault monster count
 F = Vault count percentage of total count
                 A         B        C        D         E       F
            +---------+---------+-------+---------+---------+-------
      Total |    1875 |     967 |  34.0 |     141 |      76 |  35.0
            +---------+---------+-------+---------+---------+-------
        D:1 |      61 |       0 |   0.0 |      32 |       0 |   0.0
        D:2 |      94 |       0 |   0.0 |      30 |       0 |   0.0
        D:3 |      45 |     105 |  70.0 |      12 |      16 |  57.1
        D:4 |      81 |     317 |  79.6 |      11 |       4 |  26.7
        D:5 |     530 |       0 |   0.0 |      20 |       0 |   0.0
        D:6 |     299 |     219 |  42.3 |      12 |       8 |  40.0
        D:7 |     765 |       0 |   0.0 |      24 |       0 |   0.0
      Sewer |       0 |     326 | 100.0 |       0 |      48 | 100.0
            +---------+---------+-------+---------+---------+-------
